 Dungeon Crawl Stone Soup version 0.22.1-1-ga44c0e5 (webtiles) character file.

105 Fang the Skirmisher (level 4, -3/29 HPs)
             Began as a Gargoyle Berserker on Oct 1, 2018.
             Was a Believer of Trog.
             Slain by an orc
             ... wielding a +2 hand axe of chopping
              (4 damage)
             ... on level 3 of the Dungeon.
             The game lasted 00:01:40 (1626 turns).

Fang the Skirmisher (Gargoyle Berserker)            Turns: 1626, Time: 00:01:41

Health: -3/29      AC:  5    Str: 21    XL:     4   Next: 81%
Magic:  4/4        EV: 12    Int:  8    God:    Trog [**....]
Gold:   158        SH:  0    Dex:  9    Spells: 3/3 levels left

rFire    . . .     SeeInvis .   a - +0 hand axe
rCold    . . .     Gourm    .   (no shield)
rNeg     + . .     Faith    .   b - +0 animal skin
rPois    ∞         Spirit   .   (no helmet)
rElec    +         Reflect  .   (no cloak)
rCorr    .         Harm     .   (no gloves)
MR       .....                  (no boots)
Stlth    +.........             (no amulet)
HPRegen  0.09/turn              (no ring)
MPRegen  0.09/turn              (no ring)

@: berserk cooldown, slowed, very slow
A: negative energy resistance 1, electricity resistance, unbreathing,
petrification resistance, rot immunity, AC +3
a: Berserk, Trog's Hand, Renounce Religion


You were on level 3 of the Dungeon.
You worshipped Trog.
Trog was pleased with you.
You were very hungry.

You visited 1 branch of the dungeon, and saw 3 of its levels.

You collected 158 gold pieces.

Inventory:

Hand Weapons
 a - a +0 hand axe (weapon)
Armour
 b - a +0 animal skin (worn)
Scrolls
 d - 2 scrolls of remove curse {unknown}
 e - a scroll of magic mapping {unknown}
 g - 2 scrolls of identify {unknown}
 h - a scroll of teleportation {unknown}
 k - a scroll of enchant armour {unknown}
Potions
 f - a potion of agility {unknown}
 i - a potion of haste {unknown}
 j - 2 potions of brilliance {unknown}
 l - 2 potions of curing {unknown}
Comestibles
 c - 5 rations


   Skills:
 + Level 4.0 Fighting
 + Level 3.8 Axes
 + Level 2.2 Armour
 + Level 2.4 Dodging
 + Level 0.2 Stealth


You had 3 spell levels left.
You didn't know any spells.
Your spell library was empty.

Dungeon Overview and Level Annotations

Branches:
Dungeon (3/15)

Altars:
Qazlal


Innate Abilities, Weirdness & Mutations

You are resistant to torment.
Your stone body is resilient. (AC +3)
You are immune to poison.
You resist negative energy. (rN+)
You are resistant to electric shocks. (rElec)
You can survive without breathing.
You are immune to petrification.
You are immune to rotting.


Message History

You feel yourself slow down. The orc misses you. The orc barely misses you.
An orc comes into view.
Items here: )) ? [[ a hand axe; a scroll labeled ORUKUFFERY; a hand axe; a leather armour a chain mail The orc barely misses you.
You hit the orc but do no damage. The orc barely misses you.
The orc hits you with a hand axe of chopping.
* * * LOW HITPOINT WARNING * * *
x2 You completely miss the orc.
The orc barely misses you.
You hit the orc but do no damage. You hit the orc. The orc barely misses you.
The orc hits you.
* * * LOW HITPOINT WARNING * * *
The orc barely misses you.
You hit the orc but do no damage. You hit the orc.
You kill the orc!
Trog accepts your kill.
The orc hits you with a hand axe of chopping.
You die...

#.# .# #.##.# ..#
#.# #.##.# ..# #.##
#.##.# ... ...#
#.##.# #.# #..#
#.##.# #.# #..#
####.##.###.# #..#
......<.....####o.#
.###.....(((((.)@.#
.# ####.########..#
.. .>.# #.## ##
##### #.# #.# #.#
#.# #.#


You could see an orc.

Vanquished Creatures
  Robin (D:2)
  An ooze (D:1)
  A worm (D:3)
  3 leopard geckos
  4 orcs (D:3)
  6 bats
  3 giant cockroaches
  22 goblins
  10 hobgoblins
  5 jackals (D:1)
  A ball python (D:1)
  4 frilled lizards
  5 kobolds
  2 rats (D:1)
68 creatures vanquished.

Notes
Turn   | Place    | Note
-------+----------+-------------------------------------------
     0 | D:1      | Fang the Gargoyle Berserker began the quest for the Orb.
     0 | D:1      | Reached XP level 1. HP: 14/14 MP: 1/1
    46 | D:1      | Reached XP level 2. HP: 19/19 MP: 2/2
   296 | D:1      | Reached XP level 3. HP: 18/23 MP: 3/3
   475 | D:1      | Reached ** piety under Trog
   829 | D:2      | Found a stormy altar of Qazlal.
   850 | D:2      | Noticed Robin
   855 | D:2      | Reached XP level 4. HP: 29/29 MP: 4/4
   866 | D:2      | Killed Robin
  1062 | D:2      | Found a faded altar of an unknown god.
  1344 | D:3      | Reached skill level 4 in Fighting
  1625 | D:3      | HP: 1/29 [orc (1)]
  1626 | D:3      | Slain by an orc

Skill      XL: |  1  2  3  4 |
---------------+-------------+-----
Axes           | 3 |  3.8
Dodging        | 2 |  2.4
Fighting       | 4 |  4.0
Armour         | |  2.2
Stealth        | |  0.2

Action                   |  1- 3 |  4- 6 || total
-------------------------+-------+-------++-------
Melee: Hand axe          |   137 |    66 ||   203
Invok: Berserk           |     1 |     2 ||     3
  Eat: Chunk             |       |     4 ||     4
Armor: Animal skin       |    49 |    17 ||    66
Dodge: Dodged            |   106 |    41 ||   147
